 Dungeon Crawl Stone Soup version 0.18-a0-183-gad09a0e (webtiles) character file.

20415 septik the Cleaver (level 13, 0/102 HPs)
             Began as a Formicid Fighter on Nov 23, 2015.
             Was a High Priest of Okawaru.
             Slain by DEFE's ghost (2 damage)
             ... in an ice cave.
             The game lasted 00:30:23 (11416 turns).

septik the Cleaver (Formicid Fighter)              Turns: 11416, Time: 00:30:23

Health: 0/102      AC: 16    Str: 30    XL:     13   Next: 12%
Magic:  17/17      EV: 14    Int:  9    God:    Okawaru [*****.]
Gold:   548        SH: 14    Dex: 10    Spells: 0 memorised, 12 levels left

rFire  . . .     SeeInvis +     W - +2 battleaxe (freeze)
rCold  + . .     Clarity  .     B - +2 ring mail {rC+}
rNeg   . . .     SustAt   .     c - +1 shield
rPois  .         Gourm    .     (helmet unavailable)
rElec  .         Spirit   .     u - +2 cloak
rCorr  .         Warding  .     v - +2 pair of gloves
rMut   .         Stasis   +     (no boots)
MR     +....                    y - amulet of regeneration
Stlth  ..........               K - ring of wizardry
                                s - ring of flight

@: mighty, lethally poisoned (0 -> -5), flying, somewhat resistant to hostile
enchantments, extremely unstealthy
A: permanent stasis, dig shafts and tunnels, four strong arms, antennae 3
a: Dig, Shaft Self, Heroism, Finesse, Renounce Religion


You were in an ice cave.
You worshipped Okawaru.
Okawaru was extremely pleased with you.
You were not hungry.

You visited 3 branches of the dungeon, and saw 13 of its levels.
You also visited: Ice Cave.

You collected 548 gold pieces.

Inventory:

Hand Weapons
 W - a +2 battleaxe of freezing (weapon)
Missiles
 h - 20 javelins (quivered)
 n - 7 poisoned javelins
 p - 375 stones
Armour
 c - a +1 shield (worn)
 f - a +1 ring mail of poison resistance
 u - a +2 cloak (worn)
 v - a +2 pair of gloves (worn)
 B - a +2 ring mail of cold resistance (worn)
 G - a +0 plate armour
 S - the -6 cloak of Trumpets {rCorr}
   (Okawaru gifted it to you in an ice cave)

   It protects you from acid and corrosion.
Jewellery
 b - an uncursed amulet of resist mutation
 s - a ring of flight (left hand)
 y - an amulet of regeneration (around neck)
 E - an uncursed amulet of resist corrosion
 J - a +4 ring of intelligence
 K - a ring of wizardry (right hand)
 M - a cursed ring of loudness {unknown}
Wands
 g - a wand of disintegration (23)
 A - a wand of confusion (27)
 C - a wand of slowing (31)
Scrolls
 j - 6 scrolls of remove curse
 k - 6 scrolls of identify
 m - a scroll of amnesia
 o - 4 scrolls of magic mapping
 r - 2 scrolls of recharging
 x - 3 scrolls of enchant armour
 L - a scroll of enchant weapon
 R - a scroll of fear {unknown}
Potions
 q - a potion of mutation {unknown}
 t - a potion of invisibility {unknown}
 z - 5 potions of resistance
 F - a potion of magic
 H - 2 potions of lignification
 P - a potion of brilliance {unknown}
 Q - 3 potions of flight
 V - a potion of agility
Books
 I - a book of Geomancy

   Spells                             Type                      Level
   a - Sandblast                      Earth                        1
   b - Stoneskin                      Transmutation/Earth          2
   c - Passwall                       Transmutation/Earth          3
   d - Stone Arrow                    Conjuration/Earth            3
   e - Petrify                        Transmutation/Earth          4
   f - Lee's Rapid Deconstruction     Earth                        5
 N - a book of Frost

   Spells                             Type                      Level
   a - Freeze                         Ice                          1
   b - Throw Frost                    Conjuration/Ice              2
   c - Ozocubu's Armour               Charms/Ice                   3
   d - Throw Icicle                   Conjuration/Ice              4
   e - Summon Ice Beast               Ice/Summoning                4
   f - Condensation Shield            Ice                          4
Miscellaneous
 Z - a phial of floods
Comestibles
 e - 12 bread rations
 w - 24 chunks of flesh
 T - 5 fruits
 U - 2 slices of pizza
 X - a meat ration
 Y - 5 royal jellies


   Skills:
 + Level 9.7 Fighting
 * Level 11.6 Axes
 + Level 9.6 Armour
 + Level 7.7 Dodging
 + Level 10.3 Shields
 + Level 6.1 Evocations


You had 12 spell levels left.
You didn't know any spells.

Dungeon Overview and Level Annotations

Branches:
Dungeon (11/15)            Temple (1/1) D:5            Lair (1/8) D:9
    Orc (0/4) D:11

Altars:
Ashenzari
Cheibriados
Dithmenos
Elyvilon
Fedhas
Gozag
Kikubaaqudgha
Makhleb
Nemelex Xobeh
Okawaru
Qazlal
Ru
Sif Muna
Trog
Vehumet
Xom
Yredelemnul
Zin
The Shining One

Annotations:
IceCv DEFE's ghost, journeyman SpFi


Innate Abilities, Weirdness & Mutations

You are under a permanent stasis effect.
You can dig through walls and to a lower floor.
Your four strong arms can wield two-handed weapons with a shield.
You have a pair of large antennae on your head (SInv).


Message History

You are poisoned.
Drink which item? (? for menu, Esc to quit)
You feel very buoyant.
You fly up into the air.
You feel sick. DEFE's ghost hits you.
* * * LOW HITPOINT WARNING * * *
You are more poisoned.
You retract your mandibles.
You feel sick.
You feel sick.
DEFE's ghost hits you but does no damage.
You are lethally poisoned!
Some of the chunks of flesh in your inventory have rotted away.
* * * LOW HITPOINT WARNING * * *
You feel sick.
* * * LOW HITPOINT WARNING * * *
You feel sick. You block DEFE's ghost's attack.
* * * LOW HITPOINT WARNING * * *
You feel sick.
* * * LOW HITPOINT WARNING * * *
You feel sick. DEFE's ghost hits you.
You die...

####...#....#######....#######
######....##.#########....##.#
..## ########.#≈≈≈# ###...÷###
...##
#####≈≈≈≈≈########....###
....# #≈≈≈≈≈≈≈≈≈≈≈≈≈##
###....# ...##
#≈≈≈≈≈≈≈≈≈≈≈≈≈≈≈≈ ###..# .###
≈≈##≈≈≈≈≈≈≈≈≈≈≈≈# ####..## ##
# #####≈W≈≈≈≈#####....## #
##@≈≈####......## ≈≈≈≈#
#.≈####...#.#### ≈≈###
##.###..##### ≈## ##.#.#..##
..## ##.##....### .#.# ###
#.##.......### #.## ###.#
#.####.......### ..# #...###.#
##........## .##
###.......#######.......#


You could see DEFE's ghost.

Vanquished Creatures
  A frost giant (IceCv)
  Harold (Lair:1)
  2 unseen horrors (D:10)
  2 necromancers (D:10)
  An ice statue (IceCv)
  A spiny frog (Lair:1)
  2 komodo dragons (Lair:1)
  15 polar bears (IceCv)
  2 two-headed ogres
  A slime creature (Lair:1)
  A shadow (D:10)
  A wyvern (D:10)
  2 flying skulls (D:10)
  Sigmund (D:3)
  10 yaks (IceCv)
  A hungry ghost (D:7)
  9 wolves (IceCv)
  2 hippogriffs
  2 steam dragons (D:7)
  The ghost of Raultor the Ruffian, an amateur VSMo (D:4)
  A black bear (Lair:1)
  An orc warrior (D:4)
  A sky beast (D:7)
  2 porcupines (Lair:1)
  2 ice beasts
  An ogre (D:3)
  2 eyes of draining (D:9)
  2 crocodiles
  4 necrophages (D:10)
  4 centaurs
  2 phantoms (D:7)
  A big kobold (D:9)
  9 giant frogs
  2 scorpions
  2 wyvern skeletons
  8 wights (D:10)
  A troll skeleton (D:10)
  12 killer bees
  A quasit (D:10)
  3 crimson imps
  A spriggan skeleton (D:10)
  2 giant frog zombies
  7 jellies
  7 centaur zombies
  8 centaur skeletons
  A giant frog skeleton (D:10)
  Ijyb (D:3)
  6 hounds
  8 orc priests
  Terence (D:3)
  7 iguanas
  8 orc wizards
  4 sheep (Lair:1)
  4 worker ants
  A killer bee zombie (D:10)
  A worker ant zombie (D:10)
  3 hound skeletons (D:10)
  A gnoll (D:6)
  8 river rats (Lair:1)
  3 shadow imps
  5 adders
  12 white imps (D:11)
  16 oozes
  An adder zombie (D:9)
  A worm (D:2)
  5 giant geckos
  34 orcs
  7 bats
  4 giant cockroaches
  5 hobgoblins
  13 jackals
  10 kobolds
  5 quokkas
  8 giant newts
  10 goblins
  6 rats
  A fungus (D:7)
344 creatures vanquished.

Vanquished Creatures (others)
  4 fungi (Lair:1)
4 creatures vanquished.

Grand Total: 348 creatures vanquished

Notes
Turn   | Place    | Note
--------------------------------------------------------------
     0 | D:1      | septik the Formicid Fighter began the quest for the Orb.
     0 | D:1      | Reached XP level 1. HP: 18/18 MP: 1/1
   132 | D:1      | Reached XP level 2. HP: 21/24 MP: 2/2
   618 | D:1      | Found a snail-covered altar of Cheibriados.
   755 | D:2      | Reached skill level 1 in Dodging
   755 | D:2      | Reached XP level 3. HP: 29/29 MP: 3/3
   797 | D:2      | Found a shattered altar of Ashenzari.
   928 | D:2      | Found an ancient bone altar of Kikubaaqudgha.
   936 | D:2      | Found a sacrificial altar of Ru.
   940 | D:2      | Found a glowing silver altar of Zin.
  1211 | D:2      | Reached XP level 4. HP: 33/37 MP: 4/4
  1379 | D:3      | Noticed Terence
  1394 | D:3      | Killed Terence
  1394 | D:3      | Reached skill level 4 in Armour
  1432 | D:3      | Noticed an ogre
  1442 | D:3      | Killed an ogre
  1442 | D:3      | Reached XP level 5. HP: 26/42 MP: 5/5
  1497 | D:3      | Noticed Sigmund
  1537 | D:3      | Killed Sigmund
  1537 | D:3      | Reached XP level 6. HP: 23/49 MP: 6/6
  1944 | D:3      | Noticed Ijyb
  1957 | D:3      | Killed Ijyb
  1957 | D:3      | Reached XP level 7. HP: 43/55 MP: 7/7
  2527 | D:3      | Found a shimmering altar of Xom.
  2906 | D:4      | Noticed Raultor's ghost (amateur VSMo)
  2926 | D:4      | Killed Raultor's ghost
  2926 | D:4      | Reached skill level 5 in Shields
  2995 | D:4      | Reached skill level 5 in Fighting
  2995 | D:4      | Reached skill level 5 in Armour
  3005 | D:4      | Reached skill level 5 in Axes
  3005 | D:4      | Reached XP level 8. HP: 59/62 MP: 8/8
  3505 | D:5      | Entered Level 5 of the Dungeon
  3607 | D:5      | Found a staircase to the Ecumenical Temple.
  3619 | Temple   | Entered the Ecumenical Temple
  4379 | D:5      | Found an opulent altar of Gozag.
  5188 | D:6      | Reached skill level 6 in Axes
  5238 | D:6      | Found an iron altar of Okawaru.
  5239 | D:6      | Found a bloodstained altar of Trog.
  5253 | D:6      | Reached XP level 9. HP: 69/69 MP: 9/9
  5278 | D:6      | Became a worshipper of Warmaster Okawaru
  5681 | D:7      | Found a stormy altar of Qazlal.
  5724 | D:7      | Reached * piety under Okawaru
  5724 | D:7      | Reached skill level 7 in Axes
  6632 | D:8      | Found a burning altar of Makhleb.
  7182 | D:9      | Reached XP level 10. HP: 77/77 MP: 10/10
  7257 | D:9      | Reached skill level 8 in Axes
  7457 | D:9      | Reached skill level 5 in Dodging
  7887 | D:9      | Reached ** piety under Okawaru
  7909 | D:9      | Found a staircase to the Lair.
  8218 | Lair:1   | Entered Level 1 of the Lair of Beasts
  8233 | Lair:1   | Noticed a spiny frog
  8253 | Lair:1   | Killed a spiny frog
  8382 | Lair:1   | Reached skill level 1 in Evocations
  8419 | Lair:1   | Reached *** piety under Okawaru
  8466 | Lair:1   | Noticed Harold
  8484 | Lair:1   | Killed Harold
  8484 | Lair:1   | Reached skill level 9 in Axes
  8507 | Lair:1   | Reached XP level 11. HP: 62/85 MP: 12/12
  8556 | Lair:1   | Reached **** piety under Okawaru
  8904 | Lair:1   | Noticed a four-headed hydra
  8915 | Lair:1   | HP: 2/86 [eight-headed hydra (6)]
  8972 | Lair:1   | HP: 2/86 [eight-headed hydra (12)]
  9158 | D:10     | Entered Level 10 of the Dungeon
  9254 | D:10     | Noticed an unseen horror
  9317 | D:10     | Killed an unseen horror
  9385 | D:10     | Received a gift from Okawaru
  9385 | D:10     | Reached skill level 10 in Axes
  9586 | D:10     | Noticed an unseen horror
  9594 | D:10     | Reached ***** piety under Okawaru
  9619 | D:10     | Killed an unseen horror
  9705 | D:10     | Noticed a necromancer
  9710 | D:10     | Noticed a necromancer
  9756 | D:10     | Killed a necromancer
  9781 | D:10     | Killed a necromancer
  9840 | D:10     | Reached XP level 12. HP: 76/93 MP: 15/15
 10385 | D:11     | Found a staircase to the Orcish Mines.
 10446 | D:11     | Found a frozen archway.
 10485 | IceCv    | Entered an ice cave
 10502 | IceCv    | Reached skill level 5 in Evocations
 10508 | IceCv    | Reached skill level 11 in Axes
 10609 | IceCv    | Received a gift from Okawaru
 10612 | IceCv    | Got an ancient cloak {god gift}
 10623 | IceCv    | Identified the -6 cloak of Trumpets {rCorr} (Okawaru gifted it to you in an ice cave)
 11107 | IceCv    | Reached skill level 10 in Shields
 11195 | IceCv    | Noticed a frost giant
 11216 | IceCv    | Killed a frost giant
 11216 | IceCv    | Reached XP level 13. HP: 74/100 MP: 10/17
 11289 | IceCv    | Noticed DEFE's ghost (journeyman SpFi)
 11356 | IceCv    | HP: 2/102 [DEFE's ghost (10)]
 11364 | IceCv    | HP: 6/153 [DEFE's ghost (6)]
 11377 | IceCv    | HP: 6/153 [DEFE's ghost (4)]
 11378 | IceCv    | HP: 2/153 [DEFE's ghost (4)]
 11413 | IceCv    | HP: 5/102 [poisoned by DEFE's ghost]
 11416 | IceCv    | HP: 2/102 [poisoned by DEFE's ghost]
 11416 | IceCv    | Slain by DEFE's ghost

Vault maps used:
D:1:      dpeg_arrival_water_altar, serial_glass, glass_columns_a,
          glass_columns_c, glass_columns_b, glass_columns_b, glass_columns_a,
          glass_columns_a, minmay_strange_pillars, feat_on_display,
          item_on_display_a
D:2:      minmay_overflow_temple_star_quad, minmay_misc_feat_encased,
          ashenzari_altar_1
D:3:      wad_pebble_path, first_bread, xom_teletrap_fun, uniq_sigmund,
          uniq_iyjb, uniq_terence
D:4:      minmay_door_path, guppyfry_early_orc_mine
D:5:      nicolae_gozag_cash_rules_everything_around_me,
          minmay_temple_entry_trees
D:6:      grunt_temple_overflow_bloody_war
D:7:      kennysheep_steamy, lemuel_round_altar
D:8:      marbit_many_paths
D:9:      lair_0_dummy
D:10:     hangedman_screamer, hangedman_tell_no_tales
D:11:     orc_0_dummy, portal_ice_cave_entry_imps, nicolae_for_you_no_charge
Temple:   triangle_lava_temple_11
Lair:1:   lemuel_slime, uniq_harold
IceCv:    ice_cave_small_giant

Action                   |  1- 3 |  4- 6 |  7- 9 | 10-12 | 13-15 || total
-------------------------+-------+-------+-------+-------+-------++-------
Melee: War axe           |    78 |    86 |   398 |   963 |    35 ||  1560
       Club              |       |       |    17 |       |       ||    17
       Lajatang          |       |       |    86 |       |       ||    86
       Battleaxe         |       |       |       |       |    80 ||    80
Invok: Heroism           |       |       |     1 |     8 |     1 ||    10
       Finesse           |       |       |       |     1 |       ||     1
 Abil: Dig               |       |       |       |     5 |     1 ||     6
Evoke: Phial of floods   |       |       |       |     1 |       ||     1
  Use: Potion            |       |     1 |       |     2 |    11 ||    14
       Scroll            |       |       |     9 |    14 |       ||    23
  Eat: Chunk             |     1 |     3 |    20 |    14 |     1 ||    39
       Meat ration       |       |       |     2 |       |       ||     2
       Bread ration      |       |       |     1 |       |       ||     1
       Royal jelly       |       |       |     1 |       |       ||     1
